 Dungeon Crawl Stone Soup version 0.21-a0-104-g7b58145 (webtiles) character file.

615 HAL9000 the Ruffian (level 7, 0/52 HPs)
             Began as a Black Draconian Transmuter on July 6, 2017.
             Slain by a wight
             ... wielding a +1 long sword of freezing
              (3 damage)
             ... on level 3 of the Dungeon.
             The game lasted 00:08:42 (5037 turns).

HAL9000 the Ruffian (Black Draconian Transmuter)    Turns: 5037, Time: 00:08:43

Health: 0/52       AC:  7    Str: 13    XL:     7   Next: 21%
Magic:  17/19      EV: 11    Int: 14    God:
Gold:   228        SH:  0    Dex: 12    Spells: 4/10 levels left

rFire    . . .     SeeInvis .     - Unarmed
rCold    . . .     Gourm    .   (no shield)
rNeg     . . .     Faith    .   (armour unavailable)
rPois    .         Spirit   .   (helmet restricted)
rElec    +         Reflect  .   y - +0 cloak
rCorr    +         Harm     .   (no gloves)
MR       .....                  (no boots)
Stlth    +.........             (no amulet)
HPRegen  0.17/turn              g - ring of resist corrosion
MPRegen  0.16/turn              r - ring of magical power

@: very slightly contaminated, slowed, drained, very slow
A: breathe lightning, unfitting armour, electricity resistance, cold-blooded, AC
+6
a: Breathe Lightning


You were on level 3 of the Dungeon.
You were very hungry.

You visited 1 branch of the dungeon, and saw 3 of its levels.

You collected 228 gold pieces.

Inventory:

Missiles
 a - 18 arrows
 s - 6 tomahawks (quivered)
Armour
 y - a +0 cloak (worn)
Jewellery
 g - a ring of resist corrosion (left hand)
 r - a ring of magical power (right hand)
Scrolls
 h - 2 scrolls of recharging
 m - a scroll of teleportation {unknown}
 p - 2 scrolls of enchant weapon {unknown}
 u - 2 scrolls of remove curse {unknown}
 x - a scroll of identify {unknown}
 A - a scroll of enchant armour {unknown}
 B - a scroll of blinking {unknown}
Potions
 e - a potion of curing {unknown}
 f - a potion of brilliance {unknown}
 k - a potion of heal wounds
 q - a potion of degeneration {unknown}
 z - a potion of magic {unknown}
Books
 b - a book of Changes

   Spells                             Type                      Level
   a - Beastly Appendage              Transmutation                1
   b - Sticks to Snakes               Transmutation                2
   c - Spider Form                    Transmutation/Poison         3
   d - Ice Form                       Ice/Transmutation            4
   e - Blade Hands                    Transmutation                5
Comestibles
 c - a bread ration
 d - 4 royal jellies


   Skills:
 - Level 1.1(0.3) Fighting
 - Level 1.7(0.9) Dodging
 + Level 6.2(5.3) Unarmed Combat
 - Level 2.0(1.1) Spellcasting
 + Level 5.8(4.9) Transmutations


You had 4 spell levels left.
You knew the following spells:

 Your Spells              Type           Power        Failure   Level  Hunger
a - Beastly Appendage     Tmut           ##....       3%          1    ##.....
b - Sticks to Snakes      Tmut           ##......     5%          2    ###....
c - Spider Form           Tmut/Pois      #.........   28%         3    ####...


Dungeon Overview and Level Annotations

Branches:
Dungeon (3/15)

Altars:
Elyvilon
Fedhas
Xom
The Shining One


Innate Abilities, Weirdness & Mutations

You can breathe wild blasts of lightning.
Your glossy black scales are hard. (AC +6)
You cannot fit into any form of body armour.
You are resistant to electric shocks. (rElec)
You are cold-blooded and may be slowed by cold attacks.


Message History

Casting: Spider Form
Confirm with . or Enter, or press ? or * to list all spells.
You miscast Spider Form.
You are very lightly contaminated with residual magic.
You feel weak for a moment.
The wight hits you with a long sword of freezing!
* * * LOW HITPOINT WARNING * * *
You feel drained.
* * * LOW HITPOINT WARNING * * *
You feel yourself slow down. The wight freezes you.
* * * LOW HITPOINT WARNING * * *
You hit the kobold.
You kill the kobold!
You feel yourself speed up.
The wight hits you with a long sword of freezing.
* * * LOW HITPOINT WARNING * * *
You feel yourself slow down. The wight freezes you.
* * * LOW HITPOINT WARNING * * *
The wight hits you with a long sword of freezing.
You die...

##.#..#..#.#
#....###########
#.#.#.#.#.# ###..#
#.'..#)h+.# #..# ##
#.#.#)#.#.# #..#
########. #.#..#..#.##
#.## #...##..#
#.##...##..# #.#
#[..'.###
###..##'##...# #.#
#)..###
........z..#.#######.#
#####
#####...####.z.z@....#
# ##.## #.######### #
#.# #.# # ###.#####.#
# ≈#.......######## ##
..######........ #.
#.# #.####### ##
#<#### #..## # #Zz..#
#...######


You could see 2 wights.

Vanquished Creatures
  Grinder (D:3)
  3 wights (D:3)
  Crazy Yiuf (D:3)
  Terence (D:3)
  Jessica (D:2)
  Natasha (thrice) (D:3)
  2 adders
  4 gnolls (D:2)
  2 worms (D:2)
  2 dart slugs
  2 leopard geckos
  5 orcs (D:3)
  6 bats
  12 giant cockroaches
  8 goblins
  12 hobgoblins
  5 jackals
  14 kobolds
  A quokka (D:3)
  4 frilled lizards
  3 rats
92 creatures vanquished.

Notes
Turn   | Place    | Note
-------+----------+-------------------------------------------
     0 | D:1      | HAL9000 the Draconian Transmuter began the quest for the Orb.
     0 | D:1      | Reached XP level 1. HP: 16/16 MP: 3/3
   338 | D:1      | Reached XP level 2. HP: 22/23 MP: 5/5
   951 | D:1      | Reached XP level 3. HP: 20/28 MP: 6/6
  1397 | D:2      | Learned a level 2 spell: Sticks to Snakes
  1401 | D:2      | Learned a level 3 spell: Spider Form
  1450 | D:2      | Found a white marble altar of Elyvilon.
  1865 | D:2      | Noticed Jessica
  1877 | D:2      | Killed Jessica
  1877 | D:2      | Reached skill level 4 in Unarmed Combat
  1877 | D:2      | Reached XP level 4. HP: 35/35 MP: 7/7
  2949 | D:2      | Reached XP level 5. HP: 24/40 MP: 8/8
  3182 | D:2      | Found a blossoming altar of Fedhas.
  3247 | D:3      | Noticed Natasha
  3255 | D:3      | Killed Natasha
  3315 | D:3      | Found a glowing golden altar of the Shining One.
  3338 | D:3      | Noticed Terence
  3348 | D:3      | Killed Terence
  3417 | D:3      | Found a runed door.
  3530 | D:3      | Noticed Crazy Yiuf
  3538 | D:3      | Killed Crazy Yiuf
  3538 | D:3      | Reached skill level 5 in Unarmed Combat
  3752 | D:3      | Noticed Natasha
  3777 | D:3      | Killed Natasha
  3777 | D:3      | Reached XP level 6. HP: 43/47 MP: 9/9
  4158 | D:3      | Noticed Natasha
  4174 | D:3      | Killed Natasha
  4614 | D:3      | Noticed Grinder
  4637 | D:3      | Killed Grinder
  4637 | D:3      | Reached skill level 5 in Transmutations
  4886 | D:3      | Found a shimmering altar of Xom.
  4935 | D:3      | Reached skill level 6 in Unarmed Combat
  4935 | D:3      | Your scales start taking on a glossy black colour.
  4935 | D:3      | Reached XP level 7. HP: 52/52 MP: 10/10
  4935 | D:3      | Gained mutation: You are resistant to electric shocks. (rElec) [Black Draconian growth]
  5036 | D:3      | HP: 2/52 [wight/long sword of freezing (1)]
  5037 | D:3      | Slain by a wight

Vault maps used:
D:1:      sevenhm_arrival_forest_fort_small_3
D:2:      fedhas_altar_4, elyvilon_altar_3, uniq_jessica
D:3:      minmay_roachtagon, overflow_temple_1_default,
          amethyst_overflow_temple_binary, nicolae_overflow_crystal_walls,
          gup_sewer_entry_spiral, minmay_box_of_dots, uniq_terence,
          uniq_grinder, uniq_natasha, uniq_crazy_yiuf_cottage

Skill      XL: |  1  2  3  4  5  6 |
---------------+-------------------+-----
Transmutations | 3 4 5 |  5.8
Unarmed Combat | 4 5 6 |  6.2
Fighting       | |  1.1
Dodging        | |  1.7
Spellcasting   | |  2.0

Action                   |  1- 3 |  4- 6 |  7- 9 || total
-------------------------+-------+-------+-------++-------
Melee: Unarmed           |   123 |   191 |    16 ||   330
       Kick              |    11 |       |       ||    11
       Punch             |     3 |       |       ||     3
       Tailslap          |     5 |    11 |       ||    16
Throw: Tomahawk          |     2 |       |       ||     2
       Throwing net      |       |     1 |       ||     1
 Cast: Beastly Appendage |    14 |       |       ||    14
       Spider Form       |     1 |    15 |     2 ||    18
       Sticks to Snakes  |       |     4 |       ||     4
 Abil: End Transformatio |       |     2 |       ||     2
       Breathe Lightning |       |       |     1 ||     1
  Use: Potion            |     1 |       |       ||     1
       Scroll            |       |     1 |       ||     1
 Stab: Sleeping          |       |     1 |       ||     1
  Eat: Chunk             |     3 |     6 |       ||     9
       Meat ration       |       |     1 |       ||     1
       Royal jelly       |       |     1 |       ||     1
Armor: Skin              |    43 |    47 |     3 ||    93
Dodge: Dodged            |    78 |   153 |     8 ||   239
